[Event "Late-Titled-Tuesday-Blitz-June-25-2024"]
[Site "Chess.com"]
[Date "2024.06.25"]
[Round "3"]
[White "Pedrada88"]
[Black "K_A_S_T_O_R"]
[Result "0-1"]
[WhiteElo "2572"]
[BlackElo "2861"]
[TimeControl "180+1"]
[EndTime "14:27:10 PDT"]
[Termination "K_A_S_T_O_R won by checkmate"]

1. Nf3 c5 2. g3 b6 3. Bg2 Bb7 4. O-O Nf6 5. d3 e6 6. e4 d6 7. Re1 Nbd7 8. a4 a6 9. Nbd2 Be7 10. Nc4 b5 11. axb5 axb5 12. Rxa8 Qxa8 13. Na3 Bc6 14.
c3 O-O 15. h3 e5 16. Nh4 g6 17. Nf3 Qb7 18. Qb3 Kg7 19. h4 h6 20. Be3 Rb8 21.
Qc2 c4 22. dxc4 Bxe4 23. Qd1 b4 24. cxb4 Qxb4 25. Nb5 d5 26. Qc1 Ng4 27. Nc3 Bxf3 28. Bxf3 Nxe3 29. fxe3 Bc5 30. Nxd5 Qxb2 31. Qxb2 Rxb2 32.
Re2 Rb1+ 33. Kf2 Rc1 34. g4 Rxc4 35. Kg3 e4 36. Bg2 Bd6+ 37. Kf2 Ne5 38. Bh3 Rc5 39. Nf4 Be7 40. h5 Bh4+ 41. Kg2 g5 42. Ra2 gxf4 43. exf4 Nd3 44. Kf1 Nxf4 45. Bg2 Rc1# 0-1

[Event "Late-Titled-Tuesday-Blitz-June-25-2024"]
[Site "Chess.com"]
[Date "2024.06.25"]
[Round "3"]
[White "hansen"]
[Black "Crazy_girl99"]
[Result "1/2-1/2"]
[WhiteElo "2986"]
[BlackElo "2702"]
[TimeControl "180+1"]
[EndTime "14:27:11 PDT"]
[Termination "Game drawn by repetition"]

1. e4 e5 2. Nf3 Nc6 3. Bb5 a6 4. Ba4 Nf6 5. O-O Nxe4 6. d4 b5 7. Bb3 d5 8. dxe5 Be6 9. c3 Be7 10. Be3 O-O 11. Nbd2 Bg4 12. h3 Nxd2 13. Bxd2 Bxf3 14.
Qxf3 Nxe5 15. Qh5 Nc4 16. Bf4 Bd6 17. Bg5 Be7 18. Bxe7 Qxe7 19. Qxd5 Nxb2 20. Rfe1 Qf6 21. Re3 Rad8 22. Qb7 Nd3 23. Rf3 Qb6 24. Qe4 Nc5 25. Qe3 Nxb3 26. Qxb6 cxb6 27. axb3 a5 28. Rf5 Rd6 29.
Rxb5 Rc8 30. c4 g6 31. g3 h5 32. h4 Kg7 33. Kg2 Rcc6 34. Ra2 Rd3 35. Kf1 Rf6 36.
Kg2 Rc3 37. Kg1 Kf8 38. Kg2 Kg7 39. Kg1 Kf8 40. Kg2 Kg7 1/2-1/2

[Event "Late-Titled-Tuesday-Blitz-June-25-2024"]
[Site "Chess.com"]
[Date "2024.06.25"]
[Round "3"]
[White "JanistanTV"]
[Black "h4parah5"]
[Result "0-1"]
[WhiteElo "2674"]
[BlackElo "2972"]
[TimeControl "180+1"]
[EndTime "14:27:13 PDT"]
[Termination "h4parah5 won by resignation"]

1. d4 Nf6 2. c4 e6 3. Nc3 d5 4. cxd5 exd5 5. Bg5 c6 6. Qc2 h6 7. Bh4 g6 8. e3 Bf5 9. Bd3 Bxd3 10. Qxd3 Bg7 11.
Nge2 O-O 12. O-O Re8 13. f3 Nbd7 14. Rad1 b5 15. Kh1 Rc8 16. a3 a5 17. Bf2 Nb6 18. b3 Qe7 19. a4 bxa4 20. Nxa4 Nxa4 21. bxa4 Nd7 22. Rb1 Qe6 23. Nf4 Qd6 24. Rfc1 c5 25. dxc5 Rxc5 26. Rxc5 Nxc5 27. Qb5 Rc8 28. Qxa5 d4 29.
exd4 Nb3 30. Rxb3 Rc1+ 31. Bg1 Qxf4 32. Rc3 Rxg1+ 33. Kxg1 Qxd4+ 34. Kf1 Qxc3 35. Qxc3 Bxc3 36. Ke2 Ba5 37. Kd3 Kg7 38. Kc4 Kf6 39. Kb5 Bc7 40. h3 Ke5 0-1

[Event "Late-Titled-Tuesday-Blitz-June-25-2024"]
[Site "Chess.com"]
[Date "2024.06.25"]
[Round "3"]
[White "JSPrepz"]
[Black "sammartin99"]
[Result "1-0"]
[WhiteElo "2815"]
[BlackElo "2506"]
[TimeControl "180+1"]
[EndTime "14:27:13 PDT"]
[Termination "JSPrepz won on time"]

1. e4 c5 2. Nf3 Nc6 3. b4 Nxb4 4. c3 Nc6 5. d4 cxd4 6. cxd4 d6 7. d5 Nb8 8. Nc3 Nf6 9. Bg5 Qa5 10. Qd2 h6 11. Bxf6 gxf6 12. Nd4 f5 13. Bb5+ Bd7 14. Bxd7+ Nxd7 15. Nxf5 Rc8 16. Rc1 e6 17. Nd4 Bg7 18. O-O O-O 19.
dxe6 fxe6 20. Nxe6 Bxc3 21. Qxh6 Qe5 22. Qg6+ Kh8 23.
f4 Qf6 24. Qh5+ Kg8 25. Qg4+ Kf7 26. Nxf8 Bd4+ 27. Kh1 Rxc1 28. Qxd7+ Kxf8 29. Rxc1 Bc5 30. Qc8+ Kg7 31. Qxb7+ Kh6 32. Rf1 1-0

[Event "Late-Titled-Tuesday-Blitz-June-25-2024"]
[Site "Chess.com"]
[Date "2024.06.25"]
[Round "3"]
[White "Yarikov_Artem"]
[Black "HanSchut"]
[Result "0-1"]
[WhiteElo "2449"]
[BlackElo "2240"]
[TimeControl "180+1"]
[EndTime "14:27:13 PDT"]
[Termination "HanSchut won by checkmate"]

1. c4 Nf6 2. Nf3 g6 3. Nc3 d5 4. cxd5 Nxd5 5. e4 Nxc3 6. bxc3 Bg7 7. d4 c5 8. Bb5+ Nc6 9. O-O cxd4 10. cxd4 O-O 11.
Be3 Bg4 12. d5 Ne5 13. Be2 Nxf3+ 14. gxf3 Bh3 15. Re1 Bxa1 16. Qxa1 f6 17. Bh6 Rf7 18. Bc4 Qd6 19. f4 Qd7 20. Re3 Qg4+ 21. Rg3 Qh5 22. d6 e6 23. f5 Qxh6 24. fxe6 Rg7 25. Qc3 Kh8 26. Rxh3 Qf4 27. d7 Qxe4 28. Qxf6 Qxc4 29. d8=Q+ Rxd8 30. Qxd8+ Rg8 31. Qf6+ Rg7 32. Re3 Qg4+ 33. Kf1 Qd1+ 34. Kg2 Qg4+ 35. Rg3 Qe4+ 36. Rf3 Qg4+ 37. Kf1 Qc4+ 38. Kg1 Qg4+ 39. Kh1 Qc4 40. Rf4 Qf1# 0-1

[Event "Late-Titled-Tuesday-Blitz-June-25-2024"]
[Site "Chess.com"]
[Date "2024.06.25"]
[Round "3"]
[White "LikeWater"]
[Black "LiemLe"]
[Result "0-1"]
[WhiteElo "2705"]
[BlackElo "3026"]
[TimeControl "180+1"]
[EndTime "14:27:14 PDT"]
[Termination "LiemLe won by resignation"]

1. e4 c5 2. c3 Nf6 3. e5 Nd5 4. Nf3 e6 5. d4 cxd4 6. cxd4 b6 7.
Nc3 Bb7 8. Bd3 Nxc3 9. bxc3 d6 10. O-O Nd7 11. Re1 Rc8 12. c4 dxe5 13. d5 Bb4 14.
dxe6 fxe6 15. Ng5 Bxe1 16. Qh5+ g6 17. Bxg6+ Ke7 18. Nf7 hxg6 19. Qxg6 Qg8 20. Bg5+ Kf8 21. Nxh8 Qxg6 22. Nxg6+ Kf7 23. Ne7 Bc3 24. Nxc8 Bxa1 25. Nd6+ Kg6 26. Nxb7 Kxg5 27. Nd8 Kf6 28. Nc6 a5 29.
Kf1 e4 30. Ke2 Ne5 31. Nb8 Nxc4 32. h4 Kf5 33. f3 exf3+ 34. Kxf3 Ne5+ 35. Ke3 b5 36. Na6 b4 37. Nc5 Nc6 38. Kf3 Nd4+ 39. Kg3 e5 40. Kh3 e4 41. g4+ Kf4 42. g5 e3 43. g6 Nf3 44. h5 e2 45. h6 Ke3 0-1

[Event "Late-Titled-Tuesday-Blitz-June-25-2024"]
[Site "Chess.com"]
[Date "2024.06.25"]
[Round "3"]
[White "GMChessrob"]
[Black "Heliosis11"]
[Result "1-0"]
[WhiteElo "2638"]
[BlackElo "2438"]
[TimeControl "180+1"]
[EndTime "14:27:14 PDT"]
[Termination "GMChessrob won by resignation"]

1. d4 Nf6 2. c4 e6 3. g3 Bb4+ 4. Nd2 c5 5. Nf3 cxd4 6. Nxd4 O-O 7. Bg2 Nc6 8. Nc2 Be7 9. O-O d5 10. cxd5 Nxd5 11. Nb3 Bf6 12. Ne3 Nxe3 13. Bxe3 Bxb2 14. Rb1 Bf6 15. Nc5 Qe7 16. Qa4 Rd8 17. Rfd1 h6 18. h4 Be5 19. Bxc6 bxc6 20. Qxc6 Rxd1+ 21. Rxd1 Rb8 22. Nd7 Bxd7 23. Rxd7 Rb1+ 24. Kg2 Qf6 25. Rxa7 Rb2 26. Qe8+ Kh7 27. Qxf7 Qxf7 28. Rxf7 Rxe2 29. a4 Ra2 30. Ra7 Bc3 31. h5 e5 32. Kf3 Be1 33. g4 Kg8 34. Bb6 Bc3 35. a5 Ra4 36. a6 Bd4 37.
Bxd4 exd4 38. Ke4 d3+ 39. Kxd3 Rxg4 40. Rb7 Ra4 41. a7 Kh7 42. Kc3 Kg8 43. Rb8+ 1-0

[Event "Late-Titled-Tuesday-Blitz-June-25-2024"]
[Site "Chess.com"]
[Date "2024.06.25"]
[Round "3"]
[White "yaguigor"]
[Black "Alblooshi_Hamad"]
[Result "1-0"]
[WhiteElo "2551"]
[BlackElo "2290"]
[TimeControl "180+1"]
[EndTime "14:27:14 PDT"]
[Termination "yaguigor won by checkmate"]

1. d4 Nf6 2. c4 c5 3. d5 b5 4. cxb5 a6 5. bxa6 g6 6. Nc3 Bg7 7. e4 O-O 8. a7 Rxa7 9. Nf3 e6 10. Be2 exd5 11. exd5 d6 12. O-O Bb7 13. Bf4 Na6 14. Nb5 Ra8 15. Nxd6 Bxd5 16. Bc4 Bxc4 17. Nxc4 Qxd1 18.
Raxd1 Rfd8 19. a3 Nd5 20. Be5 Bxe5 21. Nfxe5 Nac7 22. g3 Ne6 23. Nc6 Rd7 24. Rxd5 Rxd5 25. Ne7+ Kg7 26. Nxd5 Rb8 27. Re1 Nd4 28. Re7 Nf5 29. Rc7 Rd8 30. Rxc5 Nd4 31. Nce3 Rb8 32. b4 Ra8 33. Ra5 Rc8 34. a4 Nf3+ 35. Kg2 Ne1+ 36.
Kf1 Nd3 37. Ke2 Nc1+ 38. Kf3 Nb3 39. Ra7 Nd4+ 40. Kg2 Nc6 41. Rb7 h6 42. b5 Ne5 43.
a5 Rc1 44. a6 Ra1 45. a7 Ra2 46. Nc7 Nd3 47. Nd1 Rb2 48. Nxb2 Ne1+ 49. Kh1 h5 50. h4 Nf3 51. a8=Q g5 52. Rb8 gxh4 53.
Qxf3 hxg3 54. Qxg3+ Kh7 55. Rg8 h4 56. Qg7# 1-0

[Event "Late-Titled-Tuesday-Blitz-June-25-2024"]
[Site "Chess.com"]
[Date "2024.06.25"]
[Round "3"]
[White "AlexanderMatlak"]
[Black "lukas_111111"]
[Result "1-0"]
[WhiteElo "2461"]
[BlackElo "2626"]
[TimeControl "180+1"]
[EndTime "14:27:18 PDT"]
[Termination "AlexanderMatlak won by resignation"]

1. c4 d6 2. Nf3 g6 3. Nc3 Bg7 4.
g3 c5 5. Bg2 Nc6 6. O-O Bf5 7.
d3 Qd7 8. Re1 Bh3 9. Bh1 h5 10.
Nd5 h4 11. Rb1 hxg3 12. fxg3 Nd4 13. Be3 Bg4 14. b4 Bxf3 15. exf3 e6 16. Nf4 Ne7 17. bxc5 dxc5 18. Ne2 Nef5 19. Bf2 Rd8 20. f4 b6 21. Nc3 Nf3+ 22. Qxf3 Bxc3 23. Red1 Bd4 24. Bxd4 Qxd4+ 25.
Qf2 Nxg3 26. Bc6+ Kf8 27. hxg3 Qf6 28. Be4 Kg7 29. Kg2 Rd4 30. Rh1 Rhd8 31. g4 Qe7 32. g5 Rxd3 33. Bxd3 Rxd3 34. Rb3 Qb7+ 35. Kh2 Rd4 36. Rc1 Qd7 37. Re3 e5 38. fxe5 Qg4 39.
Rg1 Qe6 40. Qf6+ 1-0

[Event "Late-Titled-Tuesday-Blitz-June-25-2024"]
[Site "Chess.com"]
[Date "2024.06.25"]
[Round "3"]
[White "Niktlt"]
[Black "ahachess"]
[Result "1-0"]
[WhiteElo "2564"]
[BlackElo "2267"]
[TimeControl "180+1"]
[EndTime "14:27:18 PDT"]
[Termination "Niktlt won by resignation"]

1. d4 d5 2. c4 c6 3. Nc3 dxc4 4. e3 b5 5. a4 b4 6. Na2 e6 7. Bxc4 Nf6 8. Nf3 Bb7 9. O-O Nbd7 10. b3 a5 11. Bb2 Be7 12. Nc1 O-O 13. Nd3 c5 14.
Nfe5 cxd4 15. Bxd4 Nxe5 16. Nxe5 Bd5 17. Bd3 Rc8 18. Nc4 Nd7 19. Qh5 g6 20. Qh6 Bf6 21.
Rfd1 Bxd4 22. exd4 Ra8 23. Rac1 Qf6 24. Qe3 Rfd8 25.
Be2 Qh4 26. Bf3 Nf6 27. Ne5 Ra7 28. g3 Qh3 29. Qf4 Bxf3 30. Qxf3 Kg7 31. Nc6 Rad7 32. Nxd8 Rxd8 33. Rc7 Rd5 34. Rc5 Ng4 35. Qg2 Qh5 36. Rxd5 exd5 37. h3 Ne3 38. g4 Qg5 39. fxe3 Qxe3+ 40. Qf2 Qxb3 41. Rf1 Kh6 42. Qf4+ Kg7 43. Qxf7+ Kh6 44.
g5+ Kxg5 45. Qf4+ 1-0

[Event "Late-Titled-Tuesday-Blitz-June-25-2024"]
[Site "Chess.com"]
[Date "2024.06.25"]
[Round "3"]
[White "KNVB"]
[Black "AryanTari"]
[Result "0-1"]
[WhiteElo "2701"]
[BlackElo "3019"]
[TimeControl "180+1"]
[EndTime "14:27:21 PDT"]
[Termination "AryanTari won by resignation"]

1. d4 d5 2. Bf4 c5 3. e3 cxd4 4. exd4 Nc6 5. c3 f6 6. Nf3 g5 7.
Bg3 Bf5 8. Bd3 Qd7 9. O-O h5 10. h3 Nh6 11. Re1 Bxd3 12. Qxd3 Nf5 13. c4 dxc4 14.
Qxc4 g4 15. hxg4 Nxg3 16. d5 Na5 17. Qd3 hxg4 18. Qg6+ Kd8 19. Nh2 Nf5 20. Qxg4 Nd6 21.
Qb4 Nac4 22. Nd2 Ne5 23. Ne4 Nd3 24. Qa5+ b6 25. Qd2 Nxe1 26. Rxe1 Bh6 27. Qd3 Bf4 28.
Nf3 Nxe4 29. Qxe4 Be5 30. d6 Rc8 31. Nxe5 fxe5 32. Qxe5 Re8 33. Rd1 exd6 34. Qf4 Kc7 35. Rc1+ Kb7 36. Rd1 d5 37. Qd4 Rcd8 38. a4 Re4 39.
Qd3 Rxa4 40. b3 Rb4 41. Ra1 a5 42. Re1 Re4 43. Rc1 Rc8 44. Rd1 Qc6 45. g3 Rb4 46. Qh7+ Rc7 47. Qd3 Qb5 48. Qf3 Rxb3 49. Qf5 d4 50.
Qe4+ Qc6 51. Qxd4 Rh7 52. Qd5 Qxd5 53. Rxd5 a4 0-1

[Event "Late-Titled-Tuesday-Blitz-June-25-2024"]
[Site "Chess.com"]
[Date "2024.06.25"]
[Round "3"]
[White "Mihajlovskij"]
[Black "KoshkaMatrioshka"]
[Result "0-1"]
[WhiteElo "2297"]
[BlackElo "2553"]
[TimeControl "180+1"]
[EndTime "14:27:21 PDT"]
[Termination "KoshkaMatrioshka won by resignation"]

1. e4 e6 2. d4 d5 3. e5 c5 4.
c3 Nc6 5. Nf3 Qb6 6. Bd3 cxd4 7.
O-O Bd7 8. Re1 Nge7 9. h4 Rc8 10. Nbd2 dxc3 11. bxc3 Na5 12. Rb1 Qd8 13. c4 Nxc4 14.
Bxc4 dxc4 15. Ne4 Nd5 16. Rxb7 Be7 17. Bg5 O-O 18. Rxa7 Bxg5 19. Nfxg5 h6 20. Nf3 Ra8 21. Rxa8 Qxa8 22. Qc2 Qa4 23. Qxa4 Bxa4 24. Rc1 Nb6 25. Nc3 Bc6 26. Nd4 Bd5 27. Kf1 Ra8 28. g3 g5 29. f4 gxf4 30. gxf4 Kg7 31. Kf2 Ra3 32. Rc2 Nd7 33. Ndb5 Ra5 34. Nd6 Nc5 35. Ke3 Nd3 36.
Kd4 Nxf4 37. Rf2 Nh5 38. Rxf7+ Kg6 39. Re7 Nf4 40. Rc7 Kh5 41. Nxc4 Ra6 42. Ne3 Bxa2 43.
Rf7 Ng6 44. Ne4 Ra4+ 45. Kd3 Bb1+ 46. Nc2 Bxc2+ 47. Kxc2 Rxe4 0-1

[Event "Late-Titled-Tuesday-Blitz-June-25-2024"]
[Site "Chess.com"]
[Date "2024.06.25"]
[Round "3"]
[White "akanga001"]
[Black "MaxLeto"]
[Result "0-1"]
[WhiteElo "2184"]
[BlackElo "2436"]
[TimeControl "180+1"]
[EndTime "14:27:21 PDT"]
[Termination "MaxLeto won by checkmate"]

1. d4 h5 2. c4 h4 3. h3 d6 4.
Nc3 e5 5. dxe5 dxe5 6. Qxd8+ Kxd8 7. Nf3 f6 8. e4 c6 9. Be3 Kc7 10. O-O-O Be6 11. Be2 Nd7 12. Kc2 g5 13. Na4 Ne7 14.
Nh2 Rd8 15. Ng4 Ng6 16. Bxa7 Ra8 17. Rxd7+ Bxd7 18. Bb6+ Kc8 19. Nc5 Bxc5 20. Bxc5 Nf4 21. Bf3 Bxg4 22. Bxg4+ Kc7 23. g3 Ng6 24. Bf5 Rh6 25.
a3 b6 26. Be3 Rd8 27. b4 Ne7 28. Be6 Nc8 29. f4 gxf4 30. gxf4 Rg6 31. Bg4 Nd6 32. fxe5 Nxc4 33. Bf2 Rd2+ 34. Kc3 Rxf2 35. Kxc4 fxe5 36.
Rd1 Rd6 37. Rc1 Ra2 38. Kb3 Rdd2 39. Rf1 Rdb2+ 40. Kc3 Rf2 41. Rd1 Rxa3+ 42. Kc4 Rc2# 0-1

[Event "Late-Titled-Tuesday-Blitz-June-25-2024"]
[Site "Chess.com"]
[Date "2024.06.25"]
[Round "3"]
[White "Tigranpatagonian"]
[Black "rychessmaster1"]
[Result "0-1"]
[WhiteElo "2454"]
[BlackElo "2800"]
[TimeControl "180+1"]
[EndTime "14:27:22 PDT"]
[Termination "rychessmaster1 won on time"]

1. d4 Nf6 2. c4 e6 3. Nc3 Bb4 4. e3 O-O 5. Bd3 d5 6. Nf3 b6 7. O-O Ba6 8. Ne5 c5 9. a3 Bxc3 10. bxc3 dxc4 11. Nxc4 Qc7 12. Qe2 Rd8 13. Bb2 Bxc4 14.
Bxc4 Nc6 15. Rfd1 Na5 16. Bd3 Rac8 17. Ba6 Rb8 18. e4 c4 19. a4 h6 20. Ba3 e5 21.
d5 Ne8 22. Bb4 Nd6 23. f3 f6 24.
Kh1 Nab7 25. Bb5 Nc5 26. Bc6 Ncb7 27. g3 Rdc8 28. Rg1 Nd8 29. Bb5 Nxb5 30. axb5 Qd7 31. f4 Nf7 0-1

[Event "Late-Titled-Tuesday-Blitz-June-25-2024"]
[Site "Chess.com"]
[Date "2024.06.25"]
[Round "3"]
[White "Jahonas"]
[Black "DucksParadise"]
[Result "1-0"]
[WhiteElo "2444"]
[BlackElo "2604"]
[TimeControl "180+1"]
[EndTime "14:27:23 PDT"]
[Termination "Jahonas won by checkmate"]

1. d4 f5 2. c4 Nf6 3. Nc3 d6 4. Nf3 g6 5. Bg5 Bg7 6. Qc2 O-O 7. e3 c6 8. Bd3 Na6 9. a3 Nc7 10.
O-O Qe8 11. e4 fxe4 12. Nxe4 Nxe4 13. Bxe4 Bg4 14. Be3 e5 15. d5 c5 16. Ng5 Bf5 17.
Rae1 h6 18. Ne6 Nxe6 19. dxe6 Qxe6 20. Rd1 Kh7 21. Rd5 Rad8 22. Rfd1 Bf6 23. Qd3 Be7 24. f3 a6 25. b4 b6 26. Kh1 Qf7 27. h3 Be6 28.
Qc2 Bxd5 29. Rxd5 Bg5 30. Bg1 Kg7 31. Qb3 b5 32. bxc5 dxc5 33. Bxc5 bxc4 34. Bxf8+ Kxf8 35. Qxc4 Rxd5 36. Bxd5 Qf6 37. Qc8+ Kg7 38. Qg8# 1-0

[Event "Late-Titled-Tuesday-Blitz-June-25-2024"]
[Site "Chess.com"]
[Date "2024.06.25"]
[Round "3"]
[White "Raja3401"]
[Black "KatakuriDono"]
[Result "1-0"]
[WhiteElo "2771"]
[BlackElo "2322"]
[TimeControl "180+1"]
[EndTime "14:27:23 PDT"]
[Termination "Raja3401 won by resignation"]

1. e4 c5 2. Nf3 Nc6 3. Bb5 e6 4. Bxc6 bxc6 5. b3 Ne7 6. d3 Ng6 7. h4 h5 8. e5 c4 9. dxc4 Nxe5 10. Bb2 Ng4 11. Nc3 Be7 12. Qe2 Bf6 13. O-O-O Qa5 14. Ne4 Qxa2 15. Nxf6+ Nxf6 16. Qe5 a5 17. Kd2 Ne4+ 18.
Ke3 f6 19. Qxe4 Qxb2 20. Qg6+ Kf8 21. Nd4 a4 22. Nxe6+ Ke7 23. Qxg7+ Kxe6 24. Qxh8 Qe5+ 25. Kf3 Qf5+ 26. Kg3 Qg4+ 27. Kh2 d5 28. Rhe1+ Kd6 29. Qd8+ Qd7 30. Qxd7+ Bxd7 31. cxd5 cxd5 32. Ra1 a3 33. Ra2 Kc5 34. c3 d4 35. cxd4+ Kd5 36. Rea1 Bb5 37. Rxa3 Rxa3 38. Rxa3 Kxd4 39. Ra5 Be2 40. Rf5 Kc3 41. Rxf6 Kxb3 42. f3 Kc4 43. Kg3 Kd5 44. Rf5+ Ke6 45. Rxh5 1-0

[Event "Late-Titled-Tuesday-Blitz-June-25-2024"]
[Site "Chess.com"]
[Date "2024.06.25"]
[Round "3"]
[White "GlavkonVVS"]
[Black "ALRS-SPS"]
[Result "1-0"]
[WhiteElo "2640"]
[BlackElo "2440"]
[TimeControl "180+1"]
[EndTime "14:27:24 PDT"]
[Termination "GlavkonVVS won by checkmate"]

1. c4 e6 2. Nc3 d5 3. d4 Nf6 4. Nf3 Be7 5. Bg5 O-O 6. e3 c6 7. Qc2 Nbd7 8. cxd5 exd5 9. Bd3 Re8 10. O-O Nf8 11. Bxf6 Bxf6 12. b4 a6 13. a4 g6 14. b5 axb5 15. axb5 Bd7 16. bxc6 bxc6 17. Na4 Ne6 18. Nc5 Nxc5 19. Qxc5 Qe7 20. Qxe7 Bxe7 21.
Ne5 Rxa1 22. Rxa1 Be6 23. Nxc6 Bd6 24. Ne5 Rc8 25. f4 Rc3 26. Rd1 Kg7 27. Kf2 Ra3 28. Rd2 h5 29. Be2 Ra1 30. Bf3 Rb1 31. Nd3 Rh1 32.
h3 Rb1 33. g4 hxg4 34. hxg4 Kf6 35. Rc2 Rb3 36. Be2 Bxg4 37. Bxg4 Rxd3 38. Bf3 Ke6 39. Rc6 Ra3 40. Rb6 Ra2+ 41. Kg3 Ra5 42. Bg4+ Ke7 43. Rb7+ Kf6 44. Rd7 Ra6 45. Bf3 Ke6 46.
Rb7 Ra5 47. Bg4+ Kf6 48. Rb6 Ke7 49. Kf2 Ra2+ 50. Be2 Ra5 51. Bb5 Ke6 52. Rb7 Ra2+ 53. Kf3 Ra5 54. Be8 Be7 55. Bd7+ Kd6 56. Be8 Ke6 57.
Rb6+ Kf5 58. Bxf7 g5 59. Bg6# 1-0

[Event "Late-Titled-Tuesday-Blitz-June-25-2024"]
[Site "Chess.com"]
[Date "2024.06.25"]
[Round "3"]
[White "GrotBchess"]
[Black "DmitriiZakurdaev"]
[Result "1/2-1/2"]
[WhiteElo "2601"]
[BlackElo "2397"]
[TimeControl "180+1"]
[EndTime "14:27:24 PDT"]
[Termination "Game drawn by repetition"]

1. e4 c6 2. d4 d5 3. Nd2 dxe4 4.
Nxe4 Nf6 5. Nxf6+ exf6 6. c3 Bd6 7.
Bd3 O-O 8. Ne2 Re8 9. O-O h5 10. Nf4 h4 11. Qh5 f5 12. Bxf5 Bxf5 13. Qxf5 Nd7 14. Nd3 Qc7 15. Bf4 Re2 16. Rfe1 Rae8 17. Bxd6 Qxd6 18. Ne5 Rxe1+ 19. Rxe1 f6 20. Nf3 Rxe1+ 21.
Nxe1 Qe7 22. Nf3 Qe2 23. h3 Nf8 24. Qb1 g5 25. Qf5 Kg7 26. Qb1 Ng6 27. Nh2 Nf4 28. Nf1 Nd3 29. f3 Qf2+ 30. Kh2 Ne1 31. Ne3 Qxe3 32.
Qf5 Qf2 33. Qd7+ Kh6 34. Qg4 Qxb2 35. f4 Qf2 36. fxg5+ fxg5 37. Qe6+ Kg7 38. Qe7+ Kg6 39. Qe6+ Kh5 40. Qg4+ Kg6 41. Qe6+ Kg7 42. Qe7+ Kg6 43. Qe6+ 1/2-1/2

[Event "Late-Titled-Tuesday-Blitz-June-25-2024"]
[Site "Chess.com"]
[Date "2024.06.25"]
[Round "3"]
[White "konradrutkowski"]
[Black "s-dshubin"]
[Result "0-1"]
[WhiteElo "2508"]
[BlackElo "2310"]
[TimeControl "180+1"]
[EndTime "14:27:24 PDT"]
[Termination "s-dshubin won on time"]

1. e4 e6 2. d3 d5 3. Nd2 Nf6 4.
Ngf3 Bc5 5. e5 Nfd7 6. d4 Be7 7. c3 c5 8. Bd3 Nc6 9. O-O Qb6 10. dxc5 Qc7 11. Nb3 Ndxe5 12. Nxe5 Qxe5 13. Re1 Qc7 14. Qg4 O-O 15. Qh5 g6 16. Qh6 e5 17. f3 Bf6 18.
Bg5 Bg7 19. Qh4 Na5 20. Nxa5 Qxc5+ 21. Kh1 Qxa5 22. Bf6 Re8 23. Qg5 Qb6 24. Bxg7 Kxg7 25. b3 f6 26. Qd2 Bd7 27. Rad1 Rad8 28. Qc2 Bc6 29. c4 dxc4 30. Bxc4 Rxd1 31. Rxd1 Rd8 32.
a4 Qe3 33. h3 Rxd1+ 34. Qxd1 Qd4 35. Qxd4 exd4 36. Kg1 Kf8 37. Kf2 Ke7 38. Ke2 Kd6 39.
Kd3 Ke5 40. Bg8 h6 41. Bh7 g5 42. Be4 Bxe4+ 43. fxe4 a5 44. g4 b6 0-1

[Event "Late-Titled-Tuesday-Blitz-June-25-2024"]
[Site "Chess.com"]
[Date "2024.06.25"]
[Round "3"]
[White "Oleg_Papayan"]
[Black "bubeliang"]
[Result "0-1"]
[WhiteElo "2502"]
[BlackElo "2788"]
[TimeControl "180+1"]
[EndTime "14:27:25 PDT"]
[Termination "bubeliang won on time"]

1. d4 g6 2. e4 Bg7 3. Nc3 c6 4. Nf3 d5 5. e5 Bg4 6. h3 Bxf3 7. Qxf3 e6 8. h4 h5 9. Bg5 Qb6 10. O-O-O Ne7 11. g4 Nd7 12. Be2 Bf8 13. Bf6 Nxf6 14.
Qxf6 Rh7 15. gxh5 gxh5 16. Bd3 Bg7 17. Qf3 Rh8 18. Ne2 O-O-O 19. Rdg1 Bh6+ 20. Kb1 Rdf8 21. c3 c5 22. dxc5 Qxc5 23. Qxh5 Qxf2 24. Rf1 Qe3 25. Rf3 Bg7 26. Qg4 Qxe5 27. Rg1 Bh6 28. Qa4 a6 29.
Nd4 Rhg8 30. Rgf1 f5 31. Bxa6 bxa6 32. Qxa6+ Kd7 33. Qb7+ Ke8 34. Qc8+ Nxc8 0-1

[Event "Late-Titled-Tuesday-Blitz-June-25-2024"]
[Site "Chess.com"]
[Date "2024.06.25"]
[Round "3"]
[White "Sl4werThanYou"]
[Black "legendisback1"]
[Result "0-1"]
[WhiteElo "2701"]
[BlackElo "3013"]
[TimeControl "180+1"]
[EndTime "14:27:27 PDT"]
[Termination "legendisback1 won on time"]

1. c4 b6 2. d4 Bb7 3. Nc3 Nf6 4. Nf3 e6 5. Bg5 Be7 6. e3 h6 7. Bh4 Ne4 8. Bxe7 Qxe7 9. Qc2 Nxc3 10. Qxc3 O-O 11. Be2 c5 12. O-O d6 13. Rad1 Nd7 14.
Nd2 Rac8 15. Qa3 Nf6 16. Qxa7 Ra8 17. Qxb6 Rfb8 18. dxc5 dxc5 19. b4 Bxg2 20. Qxc5 Qxc5 21. bxc5 Bxf1 22. Kxf1 Rxa2 23. Bf3 Nd7 24. Ne4 Ne5 25.
Be2 Rc2 26. Ke1 f5 27. Nd2 Nd7 28. c6 Ne5 29. c7 Rc8 30. f4 Ng4 31. Bd3 Rb2 32. c5 Rxc7 33. Nc4 Rxh2 34. Bf1 Rxc5 35. Rd8+ Kh7 36. Ne5 Rc1+ 0-1

[Event "Late-Titled-Tuesday-Blitz-June-25-2024"]
[Site "Chess.com"]
[Date "2024.06.25"]
[Round "3"]
[White "boguszp"]
[Black "ArchibaldCerveza29"]
[Result "0-1"]
[WhiteElo "1979"]
[BlackElo "2391"]
[TimeControl "180+1"]
[EndTime "14:27:29 PDT"]
[Termination "ArchibaldCerveza29 won on time"]

1. d4 Nf6 2. Nf3 g6 3. Bf4 Bg7 4. e3 O-O 5. Be2 d6 6. h3 c5 7. O-O Qb6 8. Nc3 Nc6 9. Rb1 cxd4 10. exd4 d5 11. Bg5 Ne4 12. Be3 Nxc3 13. bxc3 Qc7 14. Re1 Na5 15. Qd2 a6 16. Ne5 Be6 17. Bh6 Rac8 18. Bxg7 Kxg7 19. Ng4 Bxg4 20. Bxg4 Qxc3 21. Qg5 e6 22. Rbc1 Qxd4 23. Bxe6 fxe6 24. Qe7+ Kh8 25. Qxe6 Qxf2+ 26. Kh1 Rce8 27. Qxe8 Rxe8 28. Rxe8+ Kg7 29. Rce1 d4 30. R1e7+ Kh6 31. Rh8 Kg5 32. Rhxh7 Qf1+ 33. Kh2 Qf4+ 34. Kh1 Qc1+ 35. Kh2 Qf4+ 0-1

[Event "Late-Titled-Tuesday-Blitz-June-25-2024"]
[Site "Chess.com"]
[Date "2024.06.25"]
[Round "3"]
[White "crazy_machine"]
[Black "ACollins05"]
[Result "1-0"]
[WhiteElo "2635"]
[BlackElo "2417"]
[TimeControl "180+1"]
[EndTime "14:27:30 PDT"]
[Termination "crazy_machine won by resignation"]

1. d4 b5 2. e4 a6 3. a4 b4 4. c3 Bb7 5. Bd3 e6 6. Nf3 Nf6 7. Qe2 c5 8. O-O d6 9. e5 Nd5 10. Nbd2 Nf4 11. Qe3 Nxd3 12. Qxd3 Nd7 13.
exd6 Bxd6 14. Ne4 Be7 15. Be3 cxd4 16. Bxd4 Nc5 17. Nxc5 Bxc5 18. cxb4 Bxb4 19. Qb3 a5 20. Bxg7 Rg8 21. Rfd1 Bd5 22. Rxd5 Qxd5 23. Qxd5 exd5 24. Bd4 Rc8 25. Kf1 Rg6 26. Rd1 Rgc6 27. Be3 Rd8 28. Nd4 Rc4 29. g3 Kf8 30. Nf5 f6 31. h4 Rc2 32. Nd4 Rxb2 33. Ne6+ Ke7 34. Nxd8 Kxd8 35. Rxd5+ Ke7 36. Bb6 Ke6 37. Rb5 Ra2 38. Bxa5 Be7 39. Bb4 Bxb4 40. Rxb4 Kf5 41. Rf4+ Kg6 42. Ke1 h5 43.
Kd1 f5 44. Kc1 Kf6 45. Kb1 Re2 46. a5 Re1+ 47. Kb2 Re7 48. Ra4 Ra7 49. a6 1-0

[Event "Late-Titled-Tuesday-Blitz-June-25-2024"]
[Site "Chess.com"]
[Date "2024.06.25"]
[Round "3"]
[White "Kaustubh_Kodihalli"]
[Black "BerlinDrawer"]
[Result "0-1"]
[WhiteElo "2442"]
[BlackElo "2640"]
[TimeControl "180+1"]
[EndTime "14:27:30 PDT"]
[Termination "BerlinDrawer won by checkmate"]

1. e4 c5 2. Nf3 d6 3. d4 cxd4 4. Nxd4 Nf6 5. Nc3 a6 6. f3 e5 7.
Nb3 Be6 8. Be3 h5 9. Qd2 Nbd7 10. O-O-O b5 11. Nd5 Rc8 12. Kb1 Bxd5 13. exd5 Nb6 14. Bg5 Be7 15. Bxf6 Bxf6 16. Na5 g6 17. Nc6 Qd7 18.
Be2 O-O 19. c3 Nxd5 20. Qxd5 Rxc6 21. g4 h4 22. Bd3 Kg7 23. Be4 Rb6 24. Rhg1 Qe7 25.
h3 Rfb8 26. Rge1 Bg5 27. Rd3 a5 28. Red1 b4 29. c4 Qc7 30. Re1 Bf4 31. Re2 a4 32. Rd1 Rc8 33. Rc2 b3 34. axb3 axb3 35. Rc3 Qa7 36. c5 dxc5 37. Rxb3 Rxb3 38. Qxb3 Rc7 39.
Qc4 Qa5 40. Qc3 Qb6 41. Rd5 c4 42. Rd8 Qg1+ 43. Ka2 Ra7+ 44. Qa3 Rxa3+ 45. Kxa3 Qb6 46. Ra8 Qb3# 0-1